 Dungeon Crawl Stone Soup version 0.19.0-11-g3fc08b3 (webtiles) character file.

16 Jerry the Grave Robber (level 2, -1/14 HPs)
             Began as a Vine Stalker Necromancer on Nov 9, 2016.
             Slain by a hobgoblin (2 damage)
             ... on level 1 of the Dungeon.
             The game lasted 00:03:05 (448 turns).

Jerry the Grave Robber (Vine Stalker Necromancer)    Turns: 448, Time: 00:03:06

Health: -1/14      AC:  2    Str: 10    XL:     2   Next: 58%
Magic:  0/6        EV: 12    Int: 15    God:
Gold:   8          SH:  0    Dex: 14    Spells: 2 memorised, 3 levels left

rFire  . . .     SeeInvis .     f - +0 short sword (curse)
rCold  . . .     Gourm    .     a - +0 robe
rNeg   . . .     Faith    .     (no shield)
rPois  .         Spirit   +     (no helmet)
rElec  .         Reflect  .     (no cloak)
rCorr  .         Harm     .     (no gloves)
MR     .....                    (no boots)
Stlth  ++........               (no amulet)
                                (no ring)
                                (no ring)

@: no status effects
A: fangs 2, magic shield, antimagic bite, no device heal 3, rot immunity
a: no special abilities


You were on level 1 of the Dungeon.
You were not hungry.

You visited 1 branch of the dungeon, and saw 1 of its levels.

You collected 8 gold pieces.

Inventory:

Hand Weapons
 f - a cursed +0 short sword (weapon)
Armour
 a - a +0 robe (worn)
Potions
 e - a potion of degeneration {unknown}
Books
 b - a book of Necromancy

   Spells                             Type                      Level
   a - Pain                           Necromancy                   1
   b - Animate Skeleton               Necromancy                   1
   c - Vampiric Draining              Necromancy                   3
   d - Regeneration                   Charms/Necromancy            3
   e - Animate Dead                   Necromancy                   4
   f - Control Undead                 Necromancy                   4
Comestibles
 c - a bread ration
 d - 6 chunks of flesh


   Skills:
 + Level 1.0 Fighting
 + Level 0.7 Armour
 - Level 1.5 Dodging
 - Level 2.4 Stealth
 - Level 2.1 Spellcasting
 + Level 4.2 Necromancy


You had 3 spell levels left.
You knew the following spells:

 Your Spells              Type           Power        Failure   Level  Hunger
a - Pain                  Necr           ##..         4%          1    #......
b - Animate Skeleton      Necr           N/A          4%          1    #......


Dungeon Overview and Level Annotations

Branches:
Dungeon (1/15)

Altars:


Innate Abilities, Weirdness & Mutations

You have extremely sharp teeth.
When hurt, damage is shared between your health and your magic reserves.
Your bite disrupts and absorbs the magic of your enemies.
Potions and wands cannot restore your health.
You are immune to rotting.


Message History

You hit the bat.
You kill the bat!
You hit the hobgoblin but do no damage. Your bite misses the hobgoblin.
The hobgoblin is severely wounded.
The hobgoblin hits you with a club.
* * * LOW HITPOINT WARNING * * *
You are too injured to fight recklessly!
You are too injured to fight recklessly!
You barely miss the hobgoblin.
The hobgoblin is severely wounded.
The hobgoblin hits you with a club.
* * * LOW HITPOINT WARNING * * *
You hit the hobgoblin.
You kill the hobgoblin!
You completely miss the hobgoblin.
You bite the hobgoblin, but do no damage.
The hobgoblin misses you.
You barely miss the hobgoblin. Your bite misses the hobgoblin.
The hobgoblin hits you.
You die...

#.... ... ..# #.# ..... #.#
#.# #.# #..... #.# #.# #.#
...... #.# #.# #.#
...#..#####.#####.#
#.######
..................#
#.......
.......)..#.#####)#
#..#####
.......%.)..#####.# #..#
............g@.##(#####.(#
#
...#..###.####.##.(รท.....#
## ...... #...#
.########.#####. ...##
#.#.# .# #....... #. .. ..
.# ######### . .## ##. .#
......... #. .### ########.
# # #. #.


You could see a hobgoblin.

Vanquished Creatures
  2 goblins (D:1)
  A hobgoblin (D:1)
  5 jackals (D:1)
  3 bats (D:1)
  2 kobolds (D:1)
  A rat (D:1)
14 creatures vanquished.

Vanquished Creatures (collateral kills)
  A goblin (D:1)
1 creature vanquished.

Grand Total: 15 creatures vanquished

Notes
Turn   | Place    | Note
-------+----------+-------------------------------------------
     0 | D:1      | Jerry the Vine Stalker Necromancer began the quest for the Orb.
     0 | D:1      | Reached XP level 1. HP: 9/9 MP: 4/4
     2 | D:1      | Learned a level 1 spell: Animate Skeleton
   394 | D:1      | Reached XP level 2. HP: 14/14 MP: 6/6
   401 | D:1      | Reached skill level 1 in Fighting
   448 | D:1      | Slain by a hobgoblin

Skill      XL: |  1  2 |
---------------+-------+-----
Fighting       | 1 |  1.0
Armour         | |  0.7
Dodging        | |  1.5
Stealth        | |  2.4
Spellcasting   | |  2.1
Necromancy     | |  4.2

Action                   || total
-------------------------++-------
Melee: Short sword       ||    47
       Bite              ||     9
       Unarmed           ||     1
 Cast: Animate Skeleton  ||     4
 Stab: Sleeping          ||     1
Armor: Robe              ||    20
Dodge: Dodged            ||    51
